 Dungeon Crawl Stone Soup version 0.32-a0-675-gdc239d62e1 (webtiles) character file.

Game seed: 1974210159845459485

537 jukio the Covered (level 7, -1/60 HPs)
             Began as a Minotaur Fighter on Mar 11, 2024.
             Was a Follower of Okawaru.
             Succumbed to a gnoll's poison
             ... on level 4 of the Dungeon.
             The game lasted 00:30:03 (1779 turns).

jukio the Covered (Minotaur Fighter)                Turns: 1779, Time: 00:30:03

Health: -1/60      AC:  7    Str: 23    XL:     7   Next: 5%
Magic:  6/6        EV: 10    Int:  5    God:    Okawaru [*.....]
Gold:   192        SH:  4    Dex:  9    Spells: 6/6 levels left

rFire   . . .        a - +0 war axe
rCold   . . .        c - +0 buckler
rNeg    . . .        b - +0 scale mail
rPois   .            (helmet restricted)
rElec   .            (no cloak)
rCorr   .            (no gloves)
SInv    .            (no boots)
Will    +....        (no amulet) Stlth
                     m - ring of willpower
HPRegen 0.30/turn    (no ring)
MPRegen 0.10/turn

%: no passive effects
@: mighty, brilliant, lethally poisoned (-1 -> -16), about to teleport
A: horns 2, retaliatory headbutt, MP-powered wands
a: Renounce Religion, Heroism


You were on level 4 of the Dungeon.
You worshipped Okawaru.
Okawaru was aware of your devotion.
You visited 1 branch of the dungeon, and saw 4 of its levels.
You also visited: Sewer.

You collected 192 gold pieces.

Inventory:

Hand Weapons
 a - a +0 war axe (weapon)
 e - a +2 dagger of venom
 o - a +3 dagger
Armour
 b - a +0 scale mail (worn)
 c - a +0 buckler (worn)
Jewellery
 m - a ring of willpower (left hand)
Scrolls
 f - 2 scrolls of identify
 h - a scroll of vulnerability
Potions
 j - 2 potions of mutation
 k - a potion of brilliance


   Skills:
 + Level 4.5 Fighting
 + Level 6.1 Axes
 + Level 6.2 Armour
 + Level 1.8 Dodging
 + Level 0.3 Stealth
 + Level 4.6 Shields


You had 6 spell levels left.
You didn't know any spells.
Your spell library contained the following spells:

 Spells                   Type           Power      Damage    Failure   Level
 Sublimation of Blood     Necr           0%         N/A       92%         2
 Call Imp                 Summ           Unusable   N/A       N/A         2
 Summon Hydra             Summ           Unusable   N/A       N/A         7

Dungeon Overview and Level Annotations

Branches:
Dungeon (4/15)              Sewer (visited)
 Temple: D:4-7

Altars:
Okawaru
Ru
Wu Jian


Innate Abilities, Weirdness & Mutations

You have a pair of horns on your head.
You reflexively headbutt those who attack you in melee.
You expend magic power (3 MP) to strengthen your wands.


Message History

h - a scroll of vulnerability The gnoll hits you from afar with a +0 halberd.
You struggle against the net.
The gnoll barely misses you.
You shred the net and break free! The gnoll barely misses you.
The gnoll hits you with a +0 halberd. The gnoll closely misses you.
You hit the gnoll.
The gnoll is moderately wounded.
The gnoll hits you with a +0 halberd. The gnoll barely misses you.
You hit the gnoll. Your headbutt misses the gnoll.
The gnoll is heavily wounded.
The gnoll closely misses you. You furiously retaliate!
You headbutt the gnoll.
The gnoll hits you from afar with a +2 halberd of venom.
You slash the gnoll!
You kill the gnoll!
Okawaru accepts your kill.
The gnoll hits you from afar with a +2 halberd of venom!
You are poisoned.
The gnoll hits you from afar with a +2 halberd of venom!
* * * LOW HITPOINT WARNING * * *
You are more poisoned.
It was a potion of magic.
Magic courses through your body.
* * * LOW HITPOINT WARNING * * *
You feel very sick. The gnoll closely misses you.
You feel very mighty all of a sudden.
* * * LOW HITPOINT WARNING * * *
You feel very sick.
The gnoll hits you from afar with a +2 halberd of venom.
* * * LOW HITPOINT WARNING * * *
You are more poisoned.
Okay, then.
As you read the scroll labelled EKECAFATES, it crumbles to dust.
You feel aware of your surroundings.
It was a scroll of revelation.
* * * LOW HITPOINT WARNING * * *
You feel very sick. The gnoll closely misses you.
Found a potion of berserk rage and 15 gold pieces.
As you read the scroll labelled LAPPEU YLLON, it crumbles to dust.
You feel strangely unstable.
It was a scroll of teleportation.
You die...

.###******,*****#..,,,,,*,*
...,,,,,*#.######.#####^*,***
.#*****,*#..............*,,,*
.# *,,,#...####.#####.***,*
.######*,##..$!.g[......* *,*
.)...<#*,###.####g#####.* *,*
.######*,##.....#g#####.***,*
..># *,##.###.#)#####.,,,,*
.#.# *,##.....@)######*****
...####*,##...###..#####
......,,.#..#.###....###
##..#**##...#..##.##.### ##..#
#..###..##....#########
....####.#.#...#..#..........#
......†..##..ß.##.#..........#
...#.###.##_ß...))#..........#
..[#<# #.##..ß.##............#


You could see 2 gnolls.

Vanquished Creatures
  2 brain worms (Sewer)
  A scorpion (D:4)
  A hound (D:4)
  2 iguanas (D:4)
  An orc wizard (D:4)
  8 gnolls (D:4)
  4 adders (Sewer)
  4 river rats (Sewer)
  A ribbon worm (D:2)
  4 dart slugs
  5 orcs
  4 bats
  6 endoplasms
  4 giant cockroaches
  4 goblins
  5 hobgoblins
  4 jackals (D:2)
  4 quokkas
  12 ball pythons
  3 frilled lizards
  3 kobolds
  7 rats
89 creatures vanquished.

Notes
Turn   | Place    | Note
-------+----------+-------------------------------------------
     0 | D:1      | jukio the Minotaur Fighter began the quest for the Orb.
     0 | D:1      | Reached XP level 1. HP: 19/19 MP: 0/0
   129 | D:1      | Reached XP level 2. HP: 27/27 MP: 1/1
   458 | D:2      | Reached XP level 3. HP: 29/33 MP: 2/2
  1030 | D:3      | Found an iron altar of Okawaru.
  1044 | D:3      | Became a worshipper of Warmaster Okawaru
  1181 | D:3      | Found a glowing drain.
  1213 | Sewer    | Entered a sewer
  1218 | Sewer    | Reached XP level 4. HP: 40/40 MP: 3/3
  1276 | Sewer    | Reached skill level 1 in Dodging
  1303 | Sewer    | Noticed a brain worm
  1313 | Sewer    | Killed a brain worm
  1314 | Sewer    | Reached skill level 5 in Armour
  1314 | Sewer    | Reached XP level 5. HP: 33/46 MP: 2/4
  1423 | Sewer    | Reached * piety under Okawaru
  1424 | Sewer    | Reached skill level 5 in Axes
  1424 | Sewer    | Reached XP level 6. HP: 49/52 MP: 5/5
  1612 | D:4      | Found a sacrificial altar of Ru.
  1662 | D:4      | Found an ornate altar of the Wu Jian Council.
  1758 | D:4      | Reached XP level 7. HP: 43/60 MP: 6/6
  1766 | D:4      | Gained mutation: You expend magic power (3 MP) to
                  | strengthen your wands. [potion of mutation]
  1778 | D:4      | HP: 3/60 [poisoned by a gnoll]
  1779 | D:4      | Succumbed to a gnoll's poison

Illustrated notes

Levels and vault maps discovered:
D:1:      roderic_crop_circles_arrival_small, layout_rooms, nicolae_hexahallways
D:2:      layout_basic
D:3:      layout_loops_ring, okawaru_trees_1, portal_sewer_entry_f,
          serial_forest, infiniplex_forest_side_room,
          infiniplex_forest_zigzag_1, infiniplex_forest_lined_room_3,
          infiniplex_forest_lined_2, infiniplex_forest_lined_room_
D:4:      layout_basic, lemuel_crystal_altar, minmay_ruined_shrine,
          uniq_crazy_yiuf_cottage

Skill      XL: |  1  2  3  4  5  6 |
---------------+-------------------+-----
Armour         | 4 5 6 |  6.2
Fighting       | 4 |  4.5
Shields        | 4 |  4.6
Axes           | 3 4 5 6 |  6.1
Dodging        | 1 |  1.8
Stealth        | |  0.3

Action                     |  1- 3 |  4- 6 |  7- 9 || total
---------------------------+-------+-------+-------++-------
  Melee: War axe           |    89 |   110 |     5 ||   204
         Headbutt          |    18 |    19 |       ||    37
    Use: Potion            |     1 |     5 |     4 ||    10
         Scroll            |       |       |     3 ||     3
   Stab: Invisible         |       |     3 |       ||     3
 Armour: Scale mail        |    76 |    83 |     7 ||   166
  Dodge: Dodged            |    42 |    52 |    10 ||   104
  Block: Buckler           |    26 |    24 |     2 ||    52

Table legend: (Time is in decaauts)
 A = Elapsed time spent in this place.
 B = Non-inter-level travel time spent in this place.
 C = Inter-level travel time spent in this place.
 D = Time resting spent in this place.
 E = Time spent auto-exploring this place.
 F = Levels seen in this place.
 G = Mean time per level.
                   A        B        C        D        E       F      G
               +--------+--------+--------+--------+--------+-----+--------+
         Total |   1865 |    765 |   1100 |      0 |      0 |   5 |  373.0 |
       Dungeon |   1611 |    511 |   1100 |      0 |      0 |   4 |  402.8 |
         Sewer |    253 |    253 |      0 |      0 |      0 |   1 |  253.0 |
               +--------+--------+--------+--------+--------+-----+--------+

Top non-repeatable levels by time:
     D:2: 605 daAuts
     D:1: 408 daAuts
     D:3: 391 daAuts
   Sewer: 253 daAuts
     D:4: 206 daAuts
